 Dungeon Crawl Stone Soup version 0.22-a0-348-gd16d139 (webtiles) character file.

1388 Amnesiac the Ducker (level 8, -5/61 HPs)
             Began as a Mummy Wizard on Apr 10, 2018.
             Was an Initiate of Gozag.
             Killed from afar by an orc wizard (6 damage)
             ... with a magic dart
             ... on level 6 of the Dungeon.
             The game lasted 00:15:29 (7802 turns).

Amnesiac the Ducker (Mummy Wizard)                  Turns: 7802, Time: 00:15:30

Health: -5/61      AC:  2    Str: 11    XL:     8   Next: 40%
Magic:  2/14       EV: 15    Int: 19    God:    Gozag
Gold:   270        SH:  0    Dex: 15    Spells: 4/15 levels left

rFire    x . .     SeeInvis .   e - +1 trident
rCold    + . .     Gourm    .   (no shield)
rNeg     + + +     Faith    .   l - -2 leather armour (curse)
rPois    ∞         Spirit   .   b - +0 hat
rElec    .         Reflect  .   i - +0 cloak
rCorr    .         Harm     .   (no gloves)
MR       +....                  (no boots)
Stlth    ++........             (no amulet)
HPRegen  0.20/turn              j - +5 ring of dexterity
MPRegen  0.14/turn              (no ring)

@: about to teleport, gold aura, very slightly contaminated
A: no food or potions, fire vulnerability, cold resistance 1, negative energy
resistance 3, torment resistance, unbreathing
a: Potion Petition, Call Merchant, Bribe Branch, Renounce Religion


You were on level 6 of the Dungeon.
You worshipped Gozag.
Gozag was aware of your devotion.
You were not hungry.

You visited 2 branches of the dungeon, and saw 7 of its levels.

You collected 339 gold pieces.
You paid 69 gold pieces to Gozag.

Inventory:

Hand Weapons
 e - a +1 trident (weapon)
Armour
 a - a +0 robe
 b - a +0 hat (worn)
 i - a +0 cloak (worn)
 l - a cursed -2 leather armour (worn)
Jewellery
 j - a +5 ring of dexterity (left hand)
Scrolls
 c - 3 scrolls of immolation {!r}
 d - a scroll of teleportation {!r}
 f - a scroll of amnesia {!r}
 g - 9 scrolls of identify {!r}
 k - a scroll of magic mapping {!r}


   Skills:
 - Level 4.7 Fighting
 + Level 6.5 Dodging
 - Level 1.5 Stealth
 - Level 4.0 Spellcasting
 - Level 4.0 Conjurations
 - Level 0.7 Summonings
 - Level 0.7 Translocations


You had 4 spell levels left.
You knew the following spells:

 Your Spells              Type           Power        Failure   Level  Hunger
a - Magic Dart            Conj           ###.         3%          1    N/A
b - Call Imp              Summ           #.......     21%         2    N/A
e - Mephitic Cloud        Conj/Pois/Air  #.......     30%         3    N/A
s - Conjure Flame         Conj/Fire      ##......     24%         3    N/A
v - Blink                 Tloc           N/A          21%         2    N/A

Dungeon Overview and Level Annotations

Branches:
Dungeon (6/15)             Temple (1/1) D:6

Altars:
Ashenzari
Dithmenos
Elyvilon
Fedhas
Gozag
Makhleb
Nemelex Xobeh
Okawaru
Qazlal
Ru
Trog
Uskayaw
Vehumet
Wu Jian
Xom
Yredelemnul
Zin
The Shining One

Shops:
D:4 :


Innate Abilities, Weirdness & Mutations

You do not eat or drink.
Your flesh is vulnerable to fire.
You are immune to poison.
Your flesh is cold resistant. (rC+)
You are immune to negative energy. (rN+++)
You are immune to unholy pain and torment.
You can survive without breathing.


Message History

You miscast Mephitic Cloud.
You are very lightly contaminated with residual magic.
You feel sick.
The orc wizard hits you but does no damage.
Unknown command.
Casting: Mephitic Cloud (safe; 30% risk of failure)
Confirm with . or Enter, or press ? or * to list all spells.
Aiming: Mephitic Cloud (safe; 30% risk of failure)
Press: ? - help, Shift-Dir - straight line, f/p - orc wizard
Aim: an orc wizard, wielding an enchanted dagger and wearing a robe (fast)
The ball explodes into a vile cloud!
The stinking cloud engulfs the orc wizard. x2
The stinking cloud engulfs the orc priest.
The stinking cloud engulfs you!
The orc wizard is engulfed in noxious fumes.
The orc wizard appears confused.
The orc wizard misses the orc wizard.
The orc priest calls upon Beogh to heal the orc wizard.
The orc wizard's wounds heal themselves!
The orc wizard is engulfed in noxious fumes.
Unknown command.
You catch the helpless orc wizard completely off-guard!
You hit the orc wizard.
The orc wizard is lightly wounded.
The orc wizard gestures at you while chanting.
The magic dart hits you!
* * * LOW HITPOINT WARNING * * *
The orc priest invokes the aid of Beogh against you.
Beogh smites you!
* * * LOW HITPOINT WARNING * * *
You catch the helpless orc wizard completely off-guard!
You hit the orc wizard.
The orc wizard is moderately wounded.
The orc priest is distracted by the nearby gold.
The orc wizard completely misses itself.
You barely miss the orc wizard.
The orc wizard is moderately wounded.
The orc wizard closely misses you.
You can't drink.
Unknown command.
Really read
d - 2 scrolls of teleportation {!r}?
As you read the scroll of teleportation {!r}, it crumbles to dust.
You feel strangely unstable. The orc wizard barely misses you.
The orc wizard hits the orc wizard but does no damage.
The orc wizard barely misses you.
The orc priest shouts!
You strike the helpless orc wizard from behind!
You hit the orc wizard.
The orc wizard is heavily wounded.
The orc priest is no longer distracted by gold.
The orc hits you but does no damage.
The orc wizard is distracted by the nearby gold.
The orc wizard closely misses you.
The orc priest invokes the aid of Beogh against you.
Beogh smites you!
* * * LOW HITPOINT WARNING * * *
The orc wizard shouts!
The orc wizard is no longer distracted by gold.
The orc wizard hits you with a dagger of speed.
* * * LOW HITPOINT WARNING * * *
The orc wizard misses the orc wizard.
The orc wizard gestures at you while chanting.
The magic dart hits you!
You die...
Your body crumbles into a pile of gold.

#.#.#.....#.#.#.##..>#
#.#.#.#.#.#.#.#.#...#
#.#.#.#.#.#.#......#
+#+#+#.#.#.#.#.#.#........
.o......#.#.#.#.#.........
.......#.#.#.#.#.#.##.....
.......#$########### .####
.o..o..#.### #
.oo....#oo@# .......###o#
....... #o# ....... #.#
#.# #.. ###


You could see an orc priest, 2 orc wizards and an orc.

Vanquished Creatures
  Sigmund (D:5)
  Edmund (D:4)
  An ice beast (Temple)
  A sky beast (D:5)
  A phantom (D:4)
  2 ogres
  A scorpion (D:4)
  A howler monkey (D:4)
  A centaur zombie (D:6)
  2 hounds
  A bullfrog skeleton (D:5)
  A jelly (D:5)
  2 orc priests (Temple)
  2 orc wizards
  Crazy Yiuf (D:5)
  2 worker ants
  A worker ant zombie (D:4)
  4 adders
  A howler monkey skeleton (D:4)
  2 shadow imps
  An adder zombie (D:5)
  An ooze (D:2)
  An adder skeleton (D:4)
  A worm (D:5)
  10 dart slugs
  2 leopard geckos
  14 orcs
  A ball python (D:4)
  3 giant cockroaches
  5 goblins
  6 hobgoblins
  10 jackals
  8 kobolds
  A quokka (D:4)
  5 bats
  4 frilled lizards
  4 rats
106 creatures vanquished.

Vanquished Creatures (collateral kills)
  A sky beast (D:5)
  An iguana (D:2)
  An adder (D:3)
  An ooze (D:2)
  2 orcs (D:3)
  A hobgoblin (D:3)
7 creatures vanquished.

Grand Total: 113 creatures vanquished

Notes
Turn   | Place    | Note
-------+----------+-------------------------------------------
     0 | D:1      | Amnesiac the Mummy Wizard began the quest for the Orb.
     0 | D:1      | Reached XP level 1. HP: 13/13 MP: 5/5
    46 | D:1      | Reached skill level 1 in Conjurations
   305 | D:1      | Reached XP level 2. HP: 20/20 MP: 2/7
   309 | D:1      | Learned a level 2 spell: Blink
   312 | D:1      | Learned a level 2 spell: Call Imp
   883 | D:2      | Reached skill level 1 in Fighting
   883 | D:2      | Reached XP level 3. HP: 19/26 MP: 1/8
  1313 | D:2      | Found a white marble altar of Elyvilon.
  1404 | D:2      | Reached XP level 4. HP: 33/33 MP: 2/10
  1416 | D:2      | Learned a level 3 spell: Conjure Flame
  1539 | D:2      | Learned a level 3 spell: Mephitic Cloud
  2883 | D:3      | Reached skill level 2 in Dodging
  2883 | D:3      | Reached XP level 5. HP: 38/38 MP: 4/11
  4245 | D:4      | Found Massiviy's Book Boutique.
  4343 | D:4      | Noticed a phantom
  4376 | D:4      | Killed a phantom
  4376 | D:4      | Reached skill level 3 in Dodging
  4376 | D:4      | Reached XP level 6. HP: 39/46 MP: 0/12
  4934 | D:4      | Reached XP level 7. HP: 38/52 MP: 9/13
  5282 | D:5      | Entered Level 5 of the Dungeon
  5285 | D:5      | Reached skill level 4 in Dodging
  5331 | D:5      | Found a shadowy altar of Dithmenos.
  5422 | D:5      | Noticed Sigmund
  5440 | D:5      | Killed Sigmund
  5645 | D:6      | Found a staircase to the Ecumenical Temple.
  5656 | Temple   | Entered the Ecumenical Temple
  5828 | Temple   | Became a worshipper of Gozag Ym Sagoz the Greedy
  5920 | Temple   | Reached skill level 5 in Dodging
  6162 | Temple   | Reached XP level 8. HP: 61/61 MP: 10/14
  6844 | D:5      | Noticed Edmund
  7128 | D:4      | Killed Edmund
  7128 | D:4      | Reached skill level 6 in Dodging
  7295 | D:5      | Found a runed door.
  7453 | D:5      | Noticed Crazy Yiuf
  7464 | D:5      | Killed Crazy Yiuf
  7801 | D:6      | HP: 3/61 [orc priest/divine providence (15)]
  7802 | D:6      | HP: 1/61 [orc wizard/dagger of speed (2)]
  7802 | D:6      | Killed from afar by an orc wizard

Vault maps used:
D:1:      ncdulo_halloftheorcs
D:2:      overflow_temple_1_default, grunt_ministairs_10, minivault_14,
          hex_intersection
D:3:      kennysheep_slugbush
D:4:      serial_shops, nicolae_shop_trees, minivault_19
D:5:      nicolae_overflow_hidden_temple, first_ration, uniq_edmund,
          uniq_sigmund, uniq_crazy_yiuf_cottage
D:6:      old_standard_altar, minmay_temple_entry_statues_fountains,
          serial_corexii_hall, corexii_hall_statues_i, corexii_hall_statues_l
Temple:   compressed_dpeg_circular_temple

Skill      XL: |  1  2  3  4  5  6  7  8 |
---------------+-------------------------+-----
Conjurations   | 1 2 3 4 |  4.0
Fighting       | 1 2 3 4 |  4.7
Dodging        | 2 3 5 6 |  6.5
Stealth        | |  1.5
Spellcasting   | |  4.0
Summonings     | |  0.7
Translocations | |  0.7

Action                   |  1- 3 |  4- 6 |  7- 9 || total
-------------------------+-------+-------+-------++-------
Melee: Unarmed           |    29 |    16 |       ||    45
       Trident           |       |    78 |    95 ||   173
 Cast: Magic Dart        |    69 |   149 |    56 ||   274
       Call Imp          |     2 |     2 |     4 ||     8
       Mephitic Cloud    |       |     7 |    17 ||    24
       Conjure Flame     |       |     3 |     6 ||     9
  Use: Scroll            |     4 |     2 |     4 ||    10
 Stab: Confused          |       |     2 |    10 ||    12
Armor: Robe              |     5 |    16 |     3 ||    24
       Leather armour    |       |       |     3 ||     3
Dodge: Dodged            |    34 |    73 |    67 ||   174

Table legend:
 A = Spawn XP
 B = Non-spawn XP
 C = Spawn XP percentage of total XP
 D = Spawn monster count
 E = Non-spawn monster count
 F = Spawn count percentage of total count
 G = Total turns spent on level
                    A         B        C        D         E        F      G
               +---------+---------+-------+---------+---------+-------+---------
         Total |       0 |    1983 |   0.0 |       0 |     113 |   0.0 |  7802
               +---------+---------+-------+---------+---------+-------+---------
           D:1 |       0 |      16 |   0.0 |       0 |      10 |   0.0 |   785
           D:2 |       0 |      97 |   0.0 |       0 |      25 |   0.0 |  1548
           D:3 |       0 |     150 |   0.0 |       0 |      37 |   0.0 |  1620
           D:4 |       0 |     672 |   0.0 |       0 |      20 |   0.0 |  1609
           D:5 |       0 |     578 |   0.0 |       0 |      10 |   0.0 |  1411
           D:6 |       0 |      95 |   0.0 |       0 |       5 |   0.0 |   202
        Temple |       0 |     375 |   0.0 |       0 |       6 |   0.0 |   627
               +---------+---------+-------+---------+---------+-------+---------
